 Dungeon Crawl Stone Soup version 0.14-a0-3350-g14ab857 (webtiles) character file.

3444 Kae the Bludgeoner (level 9, -11/70 HPs)
             Began as a Minotaur Fighter on Mar 18, 2014.
             Was an Elder of Okawaru.
             Mangled by an orc warrior
             ... wielding a +0,+0 halberd
              (26 damage)
             ... in a bailey.
             The game lasted 00:16:08 (8011 turns).

Kae the Bludgeoner (Minotaur Fighter)               Turns: 8011, Time: 00:16:09

HP -11/70        AC 13     Str 22      XL: 9   Next: 59%
MP   4/4         EV  6     Int  7      God: Okawaru [****..]
Gold 347         SH 15     Dex 10      Spells:  0 memorised,  8 levels left

rFire  . . .     SeeInvis .     T - +2,+1 flail (drain)
rCold  . . .     Clarity  .     q - +1 scale mail
rNeg   . . .     Conserve .     c - +0 shield
rPois  .         rCorr    .     (helmet restricted)
rElec  .         rRot     .     n - +2 cloak {MR+} (curse)
SustAb . .       Spirit   .     I - +0 pair of gloves
rMut   .         Warding  .     L - +1 pair of boots
Saprov . . .     Stasis   .     p - amulet of faith
MR     +....                    (no ring)
                                (no ring)

@: very heavily drained, somewhat resistant to hostile enchantments, extremely
unstealthy
A: retaliatory headbutt, horns 2
a: Heroism, Renounce Religion


You were in a bailey.
You worshipped Okawaru.
Okawaru was greatly pleased with you.
You were not hungry.

You visited 1 branch of the dungeon, and saw 9 of its levels.
You also visited: Ossuary and Bailey.

You collected 451 gold pieces.
You spent 104 gold pieces at shops.

Inventory:

Hand weapons
 a - a +2,+4 flail of protection
 b - a +1,+1 flail
 K - a +0,+0 mace
 T - a +2,+1 flail of draining (weapon)
Missiles
 h - 9 tomahawks (quivered)
Armour
 c - a +0 shield (worn)
 n - a cursed +2 cloak of magic resistance (worn)
 q - a +1 scale mail (worn)
 I - a +0 pair of gloves (worn)
 L - a +1 pair of boots (worn)
Magical devices
 r - a wand of slowing (23)
 t - a wand of fireball (3)
 z - a wand of magic darts (7)
 N - a wand of teleportation (5)
 O - a wand of confusion (12)
 P - a wand of slowing (6)
 Q - a wand of flame (6)
 R - a wand of flame (14)
Comestibles
 d - 11 bread rations
 f - 2 chokos
 o - 3 pears
 u - an apple
 v - 6 beef jerkies
 D - 5 meat rations
Scrolls
 g - 11 scrolls of identify
 i - 2 scrolls of fear
 j - 2 scrolls of magic mapping
 k - 2 scrolls of noise
 l - 12 scrolls of remove curse
 s - 4 scrolls of enchant weapon II
 y - 2 scrolls of enchant weapon I
 B - 4 scrolls of recharging
 F - 2 scrolls of enchant armour
 J - 2 scrolls of teleportation
Jewellery
 p - an amulet of faith (around neck)
 w - a cursed amulet of resist corrosion
Potions
 m - 10 potions of curing
 x - 4 potions of restore abilities
 A - a potion of agility
 C - 3 potions of degeneration
 E - 5 potions of heal wounds
 G - a potion of might
 H - a potion of magic
 M - a potion of mutation
Books
 e - a book of War Chants

   Spells                             Type                      Level
   Fire Brand                         Charms/Fire                  2
   Freezing Aura                      Charms/Ice                   2
   Shroud of Golubria                 Charms/Translocation         2
   Repel Missiles                     Charms/Air                   2
   Poison Weapon                      Charms/Poison                3
   Regeneration                       Charms/Necromancy            3


   Skills:
 - Level 3.6(0.5) Fighting
 + Level 15.2(11.1) Maces & Flails
 - Level 3.6(0.5) Armour
 - Level 3.6(0.5) Shields


You had 8 spell levels left.
You didn't know any spells.

Dungeon Overview and Level Annotations

Branches:
Dungeon (9/15)             Temple (0/1) D:4
    Orc: D:9-12        Lair: D:8-11

Altars:
Fedhas
Kikubaaqudgha
Makhleb
Okawaru
Vehumet
Xom

Shops:
D:6 *   D:7 !


Innate Abilities, Weirdness & Mutations

You reflexively headbutt those who attack you in melee.
You have a pair of horns on your head.


Message History

Eating a chunk of orc flesh.
This raw flesh tastes terrible.
You continue eating.
You start resting.
HP restored.
There is a large open door here.
There is a large open door here.
You open the door.
The orc warrior shouts!
Read which item? (? for menu, Esc to quit)
Okay, then.
The orc knight shouts!
The orc knight roars a battle-cry!
The orc warriors go into a battle-frenzy!
There is an open door here.
The orc warrior hits you from afar with a trident!
The orc knight hits you from afar with a bardiche!
The orc warrior hits you but does no damage.
The orc knight hits you from afar with a bardiche!
* * * LOW HITPOINT WARNING * * *
The orc warrior hits you from afar with a halberd!
You die...

≈.#############'###'#########.≈.#
≈.## .........##.....##.≈.# ≈..##
.§≈≈≈≈≈≈..##...##..≈.# ≈≈..##
.≈≈.....≈≈..##.##..≈≈.# .≈≈..#
§§..⌠⌠⌠..≈≈..#'#..≈≈.∩# .≈≈..#
§§...⌠ooo≈≈..#'#..≈≈.## ≈≈..##
§§§§...oo≈≈..##.##..≈≈.# ≈..##
#..≈≈§≈≈≈≈..'#...##..≈.#
≈.##.$$..##.....@...##.....##.≈.#
≈.#############'#############.≈.#
≈..##### ... ##.)....)...≈.#
≈≈≈≈≈≈≈#######[[ ##..≈≈≈≈≈≈≈≈≈≈.#
........##...##.##..≈≈..........#
######.##..≈))###..≈≈..##########
###...##...≈≈)))..≈≈..##
∩..#######..≈≈≈≈≈≈≈..## ####
##.........##


You could see 2 orc knights and 3 orc warriors.

Vanquished Creatures
  The ghost of nago the Charmwright, an experienced TeSk (D:5)
  Grinder (D:4)
  A trapdoor spider zombie (D:8)
  Eustachio (D:8)
  2 necrophages
  Edmund (D:5)
  A phantom (D:8)
  An ogre (D:7)
  Duvessa (D:3)
  A big kobold (D:8)
  A centaur (D:8)
  A giant frog (D:5)
  An elf skeleton (D:7)
  An orc warrior (Bailey)
  2 goliath beetles
  A wight (D:7)
  Dowan (D:4)
  4 crimson imps
  3 human zombies (D:7)
  A quasit (D:8)
  A centaur skeleton (D:7)
  Crazy Yiuf (D:4)
  3 orc priests
  3 hounds
  A giant frog zombie (D:5)
  An iron imp (D:4)
  4 orc wizards
  2 human skeletons (D:7)
  Natasha (thrice) (D:4)
  5 worker ants
  A killer bee zombie (D:8)
  4 gnolls
  3 mummies
  A worm zombie (D:5)
  2 shadow imps (D:8)
  7 adders
  2 giant mites
  9 worms
  A goliath beetle zombie (D:7)
  An adder zombie (D:7)
  A giant eyeball (D:5)
  3 giant geckos
  An ooze (D:1)
  39 orcs
  3 giant cockroaches
  11 hobgoblins
  17 kobolds
  4 quokkas
  13 bats
  5 giant newts
  A giant newt skeleton (D:5)
  6 gnoll skeletons (Ossuary)
  22 goblins
  A goblin skeleton (D:5)
  4 kobold skeletons (Ossuary)
  15 orc skeletons (Ossuary)
  3 orc zombies (D:7)
  10 rats
  A fungus (D:4)
242 creatures vanquished.

Notes
Turn   | Place    | Note
--------------------------------------------------------------
     0 | D:1      | Kae, the Minotaur Fighter, began the quest for the Orb.
     0 | D:1      | Reached XP level 1. HP: 19/19 MP: 1/1
     6 | D:1      | Noticed a hog
     6 | D:1      | Noticed a wyvern
     6 | D:1      | Noticed a salamander
     6 | D:1      | Noticed a crocodile
   260 | D:1      | Reached XP level 2. HP: 26/26 MP: 1/1
   545 | D:1      | Reached skill level 4 in Maces & Flails
   545 | D:1      | Reached XP level 3. HP: 28/31 MP: 2/2
   920 | D:2      | Reached skill level 5 in Maces & Flails
  1283 | D:3      | Reached XP level 4. HP: 37/39 MP: 2/2
  1349 | D:3      | Found a shimmering altar of Xom.
  1351 | D:3      | Found a shimmering altar of Xom.
  2082 | D:4      | Found a sand-covered staircase.
  2109 | Ossuary  | Entered an ossuary
  2109 | Ossuary  | Noticed a guardian mummy
  2109 | Ossuary  | Noticed a guardian mummy
  2109 | Ossuary  | Noticed a guardian mummy
  2129 | Ossuary  | Reached skill level 6 in Maces & Flails
  2241 | Ossuary  | Noticed a guardian mummy
  2581 | D:4      | Found a blossoming altar of Fedhas.
  2585 | D:4      | Reached XP level 5. HP: 40/45 MP: 2/2
  2682 | D:4      | Found an iron altar of Okawaru.
  2704 | D:4      | Became a worshipper of Warmaster Okawaru
  2787 | D:4      | Noticed Dowan
  2792 | D:4      | Noticed Duvessa
  2800 | D:4      | Killed Dowan
  2800 | D:4      | Reached skill level 7 in Maces & Flails
  3045 | D:4      | Noticed Natasha
  3050 | D:4      | Killed Natasha
  3082 | D:4      | Noticed Grinder
  3089 | D:4      | Killed Grinder
  3089 | D:4      | Acquired Okawaru's first power
  3089 | D:4      | Reached skill level 8 in Maces & Flails
  3089 | D:4      | Reached XP level 6. HP: 51/51 MP: 3/3
  3093 | D:4      | Reached skill level 9 in Maces & Flails
  3207 | D:4      | Noticed Natasha
  3394 | D:3      | Killed Duvessa
  3394 | D:3      | Reached XP level 7. HP: 39/57 MP: 1/3
  3466 | D:4      | Killed Natasha
  3472 | D:4      | Noticed Natasha
  3479 | D:4      | Killed Natasha
  3642 | D:4      | Found a staircase to the Ecumenical Temple.
  3724 | D:4      | Noticed Crazy Yiuf
  3734 | D:4      | Killed Crazy Yiuf
  3790 | D:5      | Entered Level 5 of the Dungeon
  3950 | D:5      | Reached skill level 10 in Maces & Flails
  3962 | D:5      | Noticed nago's ghost (experienced TeSk)
  3985 | D:5      | Killed nago's ghost
  3985 | D:5      | Reached skill level 11 in Maces & Flails
  4009 | D:5      | Noticed Edmund
  4026 | D:5      | Killed Edmund
  4026 | D:5      | Reached XP level 8. HP: 62/64 MP: 3/3
  4080 | D:5      | Found a burning altar of Makhleb.
  4230 | D:5      | Paralysed by a giant eyeball for 2 turns
  4610 | D:5      | Reached skill level 12 in Maces & Flails
  4923 | D:6      | Found a radiant altar of Vehumet.
  5025 | D:6      | Found Ekloipn's General Store.
  5470 | D:7      | Found Withrag's Distillery.
  5479 | D:7      | Bought a potion of curing for 32 gold pieces
  5479 | D:7      | Bought a potion of mutation for 40 gold pieces
  5479 | D:7      | Bought a potion of degeneration for 32 gold pieces
  5812 | D:7      | Reached skill level 13 in Maces & Flails
  5976 | D:7      | Found an ancient bone altar of Kikubaaqudgha.
  6048 | D:7      | Reached XP level 9. HP: 62/70 MP: 4/4
  6236 | D:8      | Reached skill level 14 in Maces & Flails
  6290 | D:8      | Noticed Eustachio
  6303 | D:8      | Killed Eustachio
  7056 | D:8      | Reached skill level 15 in Maces & Flails
  7391 | D:9      | Found a flagged portal.
  7421 | Bailey   | Entered a bailey
  7595 | Bailey   | Noticed an orc knight
  7597 | Bailey   | Noticed an orc knight
  8011 | Bailey   | Mangled by an orc warrior

Action                   |  1- 3 |  4- 6 |  7- 9 || total
-------------------------+-------+-------+-------++-------
Melee: Flail             |    92 |   174 |   480 ||   746
Invok: Heroism           |       |     1 |     2 ||     3
Evoke: Wand              |       |     1 |     6 ||     7
  Use: Scroll            |       |    15 |     1 ||    16
       Potion            |       |     1 |     7 ||     8
